cohdb
Replays
Latest Replays
All Replays
Popular Replays
Top Player Replays
Match Explorer
How It Works
Community
CoH3 Stats
Reddit
Sign in to upload your games and track your stats! →
Sign in with Steam
Match 47416993
Unlisted
Match 47416993
Overview
Messages
Build Orders
End
Kettenkrad Recon Vehicle
Construct Infanterie Kompanie
MG 42 Machine Gun Team
Grenadier Squad
Grenadier Squad
Selects Breakthrough Battlegroup
Selects Assault Grenadiers
Medical Station
GrW 34 Mortar Team
Construct Panzergrenadier Kompanie
Selects Breakthrough
Panzergrenadier Squad
MG 42 Machine Gun Team
Pak 40 Anti-tank Gun Team
Breakthrough
Selects Incendiary Bombing Run
Selects 2.5-tonne Cargo Truck
Construct Panzer Kompanie
Sturmpanzer IV Brummbär
Incendiary Bombing Run
Panzergrenadier Squad
Selects Blitzkrieg
Pioneer Squad
Incendiary Bombing Run
Panzer IV Medium Tank
Side Skirts
Kettenkrad Recon Vehicle
Incendiary Bombing Run
Blitzkrieg
Nukepapa
Koala
Penazh
Yungstar89
0
0
Comments
sign in to comment!
No comments posted yet!